12 | 0:00 | Drone | |
13 | 0:12 | Overlord | |
13 | 0:17 | Drone | |
14 | 0:30 | Drone | |
14 | 0:32 | Drone | |
16 | 0:44 | Spawning Pool | |
16 | 0:46 | Drone | |
16 | 0:50 | Drone | |
16 | 0:53 | Extractor | |
16 | 0:56 | Drone | |
17 | 1:06 | Overlord | |
17 | 1:31 | Zergling x2 | |
17 | 1:32 | Queen | |
20 | 1:35 | Zergling x2 | |
20 | 1:38 | Drone | |
22 | 1:40 | Roach Warren | |
22 | 1:41 | Extractor | |
20 | 1:49 | Drone | |
21 | 1:55 | Baneling Nest | |
21 | 2:00 | Drone | |
21 | 2:10 | Drone | |
22 | 2:21 | Zergling x2 | |
23 | 2:32 | Drone | |
24 | 2:38 | Overlord, Zergling x2 | |
24 | 2:42 | Zergling x2 | |
26 | 2:46 | Baneling, Zergling x2 | |
26 | 2:49 | Baneling | |
26 | 2:50 | Baneling x2 | |
27 | 2:54 | Drone | |
28 | 3:05 | Zergling x2 | |
29 | 3:10 | Zergling x2 | |
30 | 3:14 | Zergling x2 | |
30 | 3:17 | Overlord | |
30 | 3:18 | Zergling x2 | |
32 | 3:28 | Zergling x2 | |
33 | 3:34 | Baneling | |
33 | 3:38 | Zergling x2 | |
34 | 3:42 | Baneling x3, Zergling x2 | |
34 | 3:46 | Baneling, Zergling x2 | |
36 | 3:49 | Zergling x2 | |
36 | 3:53 | Zergling x2 | |
38 | 3:56 | Evolution Chamber | |
38 | 4:01 | Drone | |
38 | 4:12 | Drone | |
38 | 4:13 | Overlord | |
38 | 4:14 | Drone | |
38 | 4:16 | Drone | |
41 | 4:24 | Drone | |
42 | 4:34 | Drone | |
44 | 4:45 | Drone | |
44 | 5:53 | Metabolic Boost, Roach, Overlord | |
44 | 5:54 | Burrow, Zerg Melee Weapons Level 1 | |
44 | 5:56 | Evolution Chamber | |
45 | 6:01 | Hatchery | |
45 | 6:04 | Roach | |
46 | 6:22 | Zerg Ground Armor Level 1 | |
46 | 6:34 | Roach | |
47 | 6:44 | Roach | |
47 | 6:45 | Overlord | |
49 | 7:06 | Lair | |
49 | 7:10 | Overlord | |
49 | 7:16 | Drone | |
49 | 7:19 | Drone | |
49 | 7:20 | Drone | |
49 | 7:21 | Drone | |
53 | 7:23 | Extractor, Drone | |
53 | 7:24 | Drone | |
53 | 7:27 | Drone | |
55 | 7:30 | Drone | |
55 | 7:33 | Drone | |
55 | 7:36 | Drone | |
58 | 7:38 | Drone | |
58 | 7:41 | Drone | |
58 | 7:44 | Drone | |
61 | 7:46 | Drone | |
61 | 7:48 | Zerg Missile Weapons Level 1, Drone | |
63 | 7:52 | Drone | |
63 | 7:54 | Drone | |
63 | 7:57 | Overlord | |
65 | 8:00 | Drone | |
65 | 8:02 | Drone | |
65 | 8:05 | Centrifical Hooks, Drone | |
68 | 8:08 | Hydralisk Den, Drone | |
68 | 8:10 | Infestation Pit | |
67 | 8:13 | Drone | |
67 | 8:19 | Drone | |
69 | 8:23 | Overseer | |
69 | 8:24 | Drone | |
69 | 8:25 | Overseer | |
70 | 8:29 | Overlord | |
70 | 8:33 | Spore Crawler | |
70 | 8:34 | Drone | |
70 | 8:36 | Hydralisk | |
70 | 8:38 | Spore Crawler, Drone | |
72 | 8:42 | Spore Crawler, Drone | |
72 | 8:45 | Spore Crawler | |
72 | 8:47 | Drone, Swarm Host | |
75 | 8:51 | Queen | |
77 | 8:56 | Queen | |
77 | 8:58 | Hydralisk | |
77 | 9:02 | Spine Crawler, Drone | |
81 | 9:07 | Spine Crawler | |
81 | 9:08 | Hydralisk | |
82 | 9:10 | Spine Crawler | |
82 | 9:14 | Spine Crawler | |
82 | 9:15 | Drone | |
81 | 9:19 | Hydralisk | |
83 | 9:24 | Spire | |
83 | 9:30 | Swarm Host | |
85 | 10:04 | Overlord, Overseer, Pneumatized Carapace | |
85 | 10:05 | Overlord | |
85 | 10:12 | Hatchery | |
84 | 10:32 | Overlord | |
84 | 10:35 | Mutalisk | |
84 | 10:38 | Mutalisk | |
84 | 10:40 | Extractor | |
84 | 10:41 | Mutalisk | |
88 | 10:44 | Mutalisk | |
88 | 10:47 | Mutalisk | |
88 | 10:48 | Hive | |
73 | 10:50 | Mutalisk | |
73 | 10:53 | Mutalisk | |
73 | 10:56 | Mutalisk | |
75 | 11:03 | Drone | |
76 | 11:05 | Drone | |
76 | 11:07 | Baneling, Zergling x2 | |
76 | 11:10 | Baneling | |
76 | 11:11 | Baneling x2, Zergling x2 | |
79 | 11:15 | Zerg Melee Weapons Level 2 | |
79 | 11:24 | Drone | |
80 | 11:26 | Drone | |
80 | 11:27 | Drone | |
80 | 11:29 | Drone | |
80 | 11:30 | Drone | |
80 | 11:31 | Extractor, Drone | |
84 | 11:33 | Drone | |
84 | 11:34 | Spore Crawler, Drone | |
84 | 11:36 | Zerg Ground Armor Level 2, Drone | |
84 | 11:37 | Spore Crawler, Drone | |
84 | 11:38 | Extractor | |
84 | 11:39 | Drone | |
86 | 11:40 | Drone | |
86 | 11:42 | Drone | |
86 | 11:43 | Drone | |
86 | 11:45 | Drone | |
86 | 11:46 | Drone | |
91 | 11:48 | Drone | |
91 | 11:49 | Drone | |
91 | 11:50 | Drone | |
91 | 11:52 | Drone | |
91 | 11:53 | Drone | |
96 | 11:55 | Drone | |
96 | 12:01 | Zerg Flyer Weapons Level 1 | |
97 | 12:02 | Viper | |
100 | 12:11 | Spine Crawler | |
100 | 12:12 | Drone | |
100 | 12:16 | Spine Crawler | |
100 | 12:17 | Drone | |
100 | 12:20 | Queen | |
102 | 12:27 | Drone, Ultralisk Cavern | |
102 | 13:26 | Overlord, Ultralisk | |
108 | 13:30 | Zerg Missile Weapons Level 2 | |
108 | 13:32 | Hydralisk | |
110 | 13:40 | Ultralisk | |
116 | 13:44 | Overlord | |
116 | 13:47 | Ultralisk | |
122 | 13:54 | Hydralisk | |
124 | 13:56 | Greater Spire | |
124 | 14:01 | Hydralisk | |
126 | 14:04 | Overlord | |
126 | 14:09 | Unknown, Ultralisk | |
130 | 14:16 | Ultralisk | |
126 | 14:22 | Overlord | |
126 | 14:23 | Ultralisk | |
132 | 14:30 | Adrenal Glands, Hydralisk | |
134 | 14:37 | Hydralisk | |
136 | 14:42 | Overlord, Zerg Melee Weapons Level 3 | |
136 | 14:44 | Hydralisk | |
138 | 14:51 | Infestor | |
138 | 14:52 | Pathogen Glands | |
140 | 14:59 | Ultralisk | |
140 | 15:01 | Overlord | |
140 | 15:07 | Zerg Flyer Armor Level 1 | |
140 | 15:15 | Ultralisk | |
140 | 15:20 | Queen | |
133 | 15:22 | Zergling x2 | |
117 | 15:29 | Drone | |
117 | 15:30 | Ultralisk | |
117 | 15:34 | Drone | |
117 | 15:38 | Ultralisk | |
123 | 15:47 | Zerg Ground Armor Level 3 | |
122 | 15:52 | Drone | |
122 | 15:53 | Overseer | |
122 | 15:59 | Ultralisk | |
128 | 16:11 | Hatchery | |
127 | 16:29 | Chitinous Plating | |
127 | 16:31 | Ultralisk | |
127 | 17:01 | Zerg Flyer Weapons Level 2 | |
127 | 17:13 | Overseer | |
127 | 17:18 | Overlord | |
127 | 17:19 | Zerg Missile Weapons Level 3, Overseer | |
127 | 17:23 | Queen | |
127 | 17:24 | Drone | |
127 | 17:25 | Drone, Ultralisk | |
131 | 17:37 | Extractor | |
131 | 17:38 | Overlord, Overseer | |
131 | 17:39 | Drone | |
131 | 17:40 | Spore Crawler | |
131 | 17:41 | Drone | |
125 | 17:44 | Spore Crawler | |
125 | 17:45 | Drone | |
125 | 17:46 | Extractor, Hydralisk | |
125 | 17:47 | Drone | |
117 | 17:53 | Hydralisk | |
117 | 17:58 | Overlord, Overseer | |
113 | 17:59 | Hydralisk | |
115 | 18:06 | Hydralisk | |
115 | 18:08 | Spine Crawler | |
115 | 18:10 | Spine Crawler, Drone | |
114 | 18:13 | Overseer | |
114 | 18:15 | Hydralisk | |
114 | 18:16 | Overlord | |
116 | 18:22 | Infestor | |
118 | 18:28 | Hydralisk | |
120 | 18:34 | Overlord, Drone | |
121 | 18:54 | Overlord | |
121 | 19:11 | Spire, Drone | |
121 | 19:16 | Zerg Flyer Armor Level 2 | |
121 | 19:58 | Ultralisk | |
121 | 20:19 | Ultralisk | |
121 | 20:22 | Zerg Flyer Weapons Level 3 | |
121 | 20:26 | Ultralisk | |
121 | 20:28 | Ultralisk | |
121 | 20:39 | Zergling x2 | |
121 | 20:41 | Drone | |
121 | 20:42 | Spore Crawler | |
121 | 20:45 | Spore Crawler | |
121 | 20:46 | Drone | |
121 | 20:49 | Spore Crawler | |
119 | 20:51 | Corruptor | |
119 | 20:52 | Overlord | |
121 | 20:59 | Corruptor | |
121 | 21:00 | Hatchery, Queen | |
121 | 21:01 | Drone | |
108 | 21:06 | Drone | |
108 | 21:07 | Corruptor | |
108 | 21:08 | Drone | |
108 | 21:09 | Drone | |
108 | 21:10 | Drone | |
106 | 21:12 | Drone, Overseer, Overlord | |
106 | 21:13 | Drone | |
106 | 21:14 | Infestor | |
106 | 21:15 | Drone | |
106 | 21:16 | Drone | |
109 | 21:21 | Infestor | |
109 | 21:25 | Drone | |
110 | 21:29 | Zergling x2 | |
110 | 21:31 | Overlord | |
111 | 21:35 | Zerg Flyer Armor Level 3 | |
106 | 21:40 | Corruptor | |
106 | 21:42 | Overseer | |
106 | 21:44 | Ultralisk | |
106 | 21:45 | Ultralisk | |
106 | 21:47 | Overlord, Overseer | |
107 | 21:49 | Overseer, Ultralisk | |
107 | 21:50 | Overlord, Ultralisk | |
88 | 22:06 | Drone, Zergling x2 | |
88 | 22:08 | Overlord | |
84 | 22:12 | Drone, Queen x2 | |
84 | 22:13 | Infestor, Drone | |
84 | 22:14 | Ultralisk | |
92 | 22:18 | Spine Crawler, Drone | |
92 | 22:20 | Corruptor, Drone | |
94 | 22:25 | Extractor | |
94 | 22:26 | Overlord, Drone | |
94 | 22:27 | Corruptor, Spore Crawler, Drone | |
94 | 22:28 | Drone | |
95 | 22:30 | Spore Crawler, Drone | |
95 | 22:31 | Drone | |
95 | 22:32 | Spine Crawler, Ultralisk | |
95 | 22:33 | Extractor, Drone, Queen, Ultralisk | |
95 | 22:34 | Infestor, Drone | |
95 | 22:35 | Spine Crawler | |
95 | 22:36 | Drone | |
97 | 22:37 | Spine Crawler | |
97 | 22:38 | Drone | |
97 | 22:40 | Spore Crawler | |
97 | 22:43 | Spore Crawler | |
94 | 22:44 | Overlord, Overseer | |
94 | 22:50 | Spore Crawler | |
91 | 22:57 | Corruptor | |
87 | 23:00 | Spine Crawler | |
87 | 23:04 | Overlord | |
87 | 23:05 | Hatchery, Ultralisk x4 | |
82 | 23:08 | Spine Crawler | |
77 | 23:14 | Overlord | |
77 | 23:15 | Overlord, Ultralisk | |
71 | 23:20 | Overlord | |
71 | 23:23 | Lair | |
71 | 23:25 | Ultralisk | |
69 | 23:27 | Overlord | |
69 | 23:28 | Ultralisk x2 | |
69 | 23:33 | Overlord | |
67 | 23:36 | Overlord | |
67 | 23:42 | Drone | |
62 | 23:54 | Corruptor, Overlord, Drone, Ultralisk x2 | |
65 | 24:00 | Spine Crawler | |
64 | 24:03 | Overlord, Spore Crawler | |
64 | 24:07 | Overlord | |
61 | 24:10 | Roach Warren | |
61 | 24:15 | Ultralisk x4 | |
61 | 24:16 | Ultralisk | |
61 | 24:17 | Spore Crawler, Drone | |
60 | 24:26 | Overlord, Spine Crawler, Drone | |
60 | 24:28 | Drone | |
59 | 24:37 | Overseer | |
56 | 24:42 | Spine Crawler | |
56 | 24:44 | Corruptor, Drone, Overlord | |
56 | 24:46 | Drone | |
56 | 24:51 | Overseer, Zergling x2 | |
58 | 24:57 | Hatchery | |
51 | 25:02 | Overlord, Drone, Zergling x2 | |
51 | 25:04 | Drone | |
51 | 25:05 | Drone, Overseer | |
51 | 25:06 | Zergling x2 | |
56 | 25:07 | Drone | |
56 | 25:09 | Drone | |
56 | 25:10 | Drone, Roach | |
56 | 25:11 | Drone | |
56 | 25:13 | Zergling x2 | |
31 | 25:16 | Mutalisk | |
31 | 25:21 | Roach | |
32 | 25:24 | Zergling x2 | |
32 | 25:26 | Drone | |
32 | 25:28 | Zergling x2 | |
30 | 25:32 | Roach | |
30 | 25:35 | Mutalisk | |
27 | 25:45 | Hatchery | |
27 | 25:46 | Overlord | |
27 | 25:48 | Corruptor | |
18 | 25:59 | Hatchery | |
15 | 26:11 | Extractor | |
12 | 26:29 | Hatchery | |
10 | 26:41 | Spawning Pool | |
9 | 26:52 | Hatchery | |